AoeStats
← MK Sinaloa

Nomad

510656342Analyzed
2v2 RM · 18h ago on Oct 2, 2026· 28m 54s· 4 players
Game mode
Random Map
Map size
176×176
Population
200
Speed
Normal
Resources
Standard
Victory
Conquest
Starting age
Dark Age
Ending age
Imperial Age
RankedLock teamsTeams togetherTeam positionsShared explorationLock speedFull tech treeHidden civsTurbo modeCheats
Victory
Defeat
🇺🇸 Varangians · United States
934
+13
🇺🇸 Japanese · United States
858
+16
🇲🇽 Franks · Mexico
869
-15
🇨🇴 Ethiopians · Colombia
851
-14
R1v3rs
14:47 Feudal Age
16:04 Man-at-Arms
16:48 Fishing Lines
17:48 Arson
19:39 Double-Bit Axe
22:26 Stone Mining
23:01 Gold Mining
25:42 Castle Age
27:06 Wheelbarrow
26:51 Bow Saw
27:17 Long Swordsman
27:49 Gambesons
28:04 Squires
28:18 Forging
28:11 Scale Mail Armor
dannyk701
13:59 Feudal Age
16:12 Bloodlines
17:30 Forging
21:20 Castle Age
23:38 Scale Mail Armor
23:45 Scale Barding Armor
MK Sinaloa
3:43 Loom
14:57 Feudal Age
15:27 Town Watch
15:30 Fishing Lines
19:42 Fletching
20:03 Forging
20:35 Padded Archer Armor
23:07 Scale Barding Armor
30:40 Castle Age
28:40 Gold Mining
ryamkk
3:53 Loom
13:28 Feudal Age
17:48 Double-Bit Axe
17:48 Horse Collar
26:29 Castle Age
Connection lost

Rejoining the realm…

Still unreachable

The connection could not be restored.

Session expired

The server has moved on; the page needs a fresh start.